 Dungeon Crawl Stone Soup version 0.31-a0-358-gac0dbeb3ab (webtiles) character file.

Game seed: 431533276434865476

112 Locuples the Trooper (level 4, -4/42 HPs)
             Began as a Minotaur Berserker on July 25, 2023.
             Was a Believer of Trog.
             Slain by Grinder (6 damage)
             ... on level 3 of the Dungeon.
             The game lasted 00:03:58 (2051 turns).

Locuples the Trooper (Minotaur Berserker)           Turns: 2051, Time: 00:03:59

Health: -4/42      AC:  5    Str: 24    XL:     4   Next: 63%
Magic:  3/3        EV: 11    Int:  4    God:    Trog [**....]
Gold:   155        SH:  0    Dex:  9    Spells: 3/3 levels left

rFire   . . .        a - +0 hand axe
rCold   . . .        (no shield)
rNeg    . . .        k - +0 leather armour
rPois   .            (helmet restricted)
rElec   .            o - +0 cloak
rCorr   +            f - +0 pair of gloves
SInv    .            (no boots)
Will    .....        (no amulet)
Stlth   +            b - ring "Tecunipu" {+Blink Fly Will- rCorr}
HPRegen 0.27/turn    (no ring)
MPRegen 0.08/turn

%: no passive effects
@: flying
A: horns 2, retaliatory headbutt
a: Renounce Religion, Evoke Blink, Berserk, Trog's Hand


You were on level 3 of the Dungeon.
You worshipped Trog.
Trog was pleased with you.
You visited 1 branch of the dungeon, and saw 3 of its levels.

You collected 179 gold pieces.
You spent 24 gold pieces at shops.

Inventory:

Hand Weapons
 a - a +0 hand axe (weapon)
Missiles
 r - a throwing net
Armour
 f - a +0 pair of gloves (worn)
 k - a +0 leather armour (worn)
 o - a +0 cloak (worn)
Jewellery
 b - the ring "Tecunipu" (left hand) {+Blink Fly Will- rCorr}
   (You found it on level 2 of the Dungeon)

   [ring of resist corrosion]

   Fly:       It grants you flight.
   +Blink:    It lets you blink.
   rCorr:     It protects you from acid and corrosion.
   Will:      It decreases your willpower.
Wands
 m - a wand of digging (5)
 p - a wand of paralysis (13)
Scrolls
 c - 2 scrolls of fog
 d - 2 scrolls of blinking {unknown}
 j - a scroll of enchant weapon {unknown}
 l - a scroll of teleportation {unknown}
 n - a scroll of brand weapon {unknown}
 s - a scroll of identify
Potions
 e - a potion of mutation {unknown}
 g - a potion of haste {unknown}
 h - 2 potions of degeneration {unknown}
 i - 2 potions of curing {unknown}
 q - 3 potions of heal wounds {unknown}
 t - a potion of ambrosia {unknown}


   Skills:
 * Level 5.3 Fighting
 + Level 5.0 Axes
 + Level 2.9 Armour
 - Level 2.1 Dodging


You had 3 spell levels left.
You didn't know any spells.
Your spell library was empty.

Dungeon Overview and Level Annotations

Branches:
Dungeon (3/15)

Altars:

Shops:
D:1 ?

Annotations:
D:3 Grinder


Innate Abilities, Weirdness & Mutations

You have a pair of horns on your head.
You reflexively headbutt those who attack you in melee.


Message History

Grinder gestures at you.
You struggle to resist.
You closely miss Grinder.
Grinder is heavily wounded.
Grinder barely misses you.
You hit Grinder.
Grinder is heavily wounded.
Grinder gestures at you.
You struggle to resist.
You closely miss Grinder.
Grinder is heavily wounded.
Grinder says, "Just stop there for a second..."
Grinder hits you!
You barely miss Grinder.
Grinder is heavily wounded.
Grinder misses you.
You closely miss Grinder.
Grinder is heavily wounded.
Grinder says, "FISH!"
Grinder hits you but does no damage.
You barely miss Grinder. You headbutt Grinder!
Grinder is severely wounded.
Grinder barely misses you.
You hit Grinder but do no damage.
Grinder is severely wounded.
Grinder hits you.
You writhe in agony.
You hit Grinder.
Grinder is almost dead.
Grinder hits you.
You writhe in agony.
* * * LOW HITPOINT WARNING * * *
You hit Grinder. You headbutt Grinder.
Grinder is almost dead.
Grinder hits you.
* * * LOW HITPOINT WARNING * * *
You writhe in agony.
* * * LOW HITPOINT WARNING * * *
Grinder hits you.
* * * LOW HITPOINT WARNING * * *
You writhe in agony.
You die...

###############....÷
#................###
##########.#.##..###
#.#.##.....
#.#........ ###
#.####..### ##.##
#.# #....# ##...##
#.# #..#.# #..@..##
#.# #..#.# ##
###.5....###.#
#.=#..
#8.8##.........##.#
#..#)#
#......./....###.#
#.....
#######.....## #.#
##.... ##..<## #.#
#####.. ##.##
#.###....÷. #.#
#.....###.# #.#
#########..


You could see Grinder.

Vanquished Creatures
  Ijyb (D:3)
  4 adders (D:2)
  A worm (D:3)
  A dart slug (D:3)
  4 ball pythons
  3 bats
  12 endoplasms
  2 goblins (D:1)
  6 hobgoblins
  A kobold (D:3)
  3 frilled lizards
  6 rats
44 creatures vanquished.

Notes
Turn   | Place    | Note
-------+----------+-------------------------------------------
     0 | D:1      | Locuples the Minotaur Berserker began the quest for the
                  | Orb.
     0 | D:1      | Reached XP level 1. HP: 19/19 MP: 0/0
   116 | D:1      | Found Gitec's Magic Scroll Shoppe.
   119 | D:1      | Bought a scroll of identify for 24 gold pieces
   200 | D:1      | Reached XP level 2. HP: 27/27 MP: 1/1
   900 | D:2      | Reached XP level 3. HP: 15/34 MP: 2/2
  1119 | D:2      | Identified the ring "Tecunipu" {+Blink Fly Will- rCorr}
  1211 | D:2      | Reached ** piety under Trog
  1213 | D:2      | Reached skill level 5 in Fighting
  1213 | D:2      | Reached XP level 4. HP: 35/42 MP: 3/3
  1286 | D:2      | You are sucked into a shaft and drop 1 floor!
  1962 | D:3      | Noticed Ijyb
  1962 | D:3      | Paralysed by Ijyb for 2 turns
  1976 | D:3      | Killed Ijyb
  1977 | D:3      | Reached skill level 5 in Axes
  2027 | D:3      | Noticed Grinder
  2051 | D:3      | HP: 2/42 [Grinder (1)]
  2051 | D:3      | Slain by Grinder

Illustrated notes

Levels and vault maps discovered:
D:1:      dpeg_arrival_windows_large_door, layout_basic, serial_shops,
          nicolae_shop_rolled_up
D:2:      layout_basic, basic_altar, hangedman_decor_growths
D:3:      minmay_razor_zed, layout_loops_ring, shapermc_ecumenical_altar_petra,
          amcnicky_mini_pool_small, kennysheep_path_1, uniq_ijyb, uniq_grinder

Skill      XL: |  1  2  3  4 |
---------------+-------------+-----
Fighting       | 4 5 |  5.3
Axes           | 4 5 |  5.0
Armour         | |  2.9
Dodging        | |  2.1

Action                     |  1- 3 |  4- 6 || total
---------------------------+-------+-------++-------
  Melee: Hand axe          |    65 |    43 ||   108
         Headbutt          |     7 |     6 ||    13
    Use: Scroll            |     3 |       ||     3
   Stab: Sleeping          |     2 |       ||     2
 Armour: Animal skin       |     7 |       ||     7
         Leather armour    |    12 |     6 ||    18
  Dodge: Dodged            |    54 |    16 ||    70

Table legend: (Time is in decaauts)
 A = Elapsed time spent in this place.
 B = Non-inter-level travel time spent in this place.
 C = Inter-level travel time spent in this place.
 D = Time resting spent in this place.
 E = Time spent auto-exploring this place.
 F = Levels seen in this place.
 G = Mean time per level.
                   A        B        C        D        E       F      G
               +--------+--------+--------+--------+--------+-----+--------+
         Total |   2058 |   2030 |     28 |      0 |   1582 |   3 |  686.0 |
       Dungeon |   2058 |   2030 |     28 |      0 |   1582 |   3 |  686.0 |
               +--------+--------+--------+--------+--------+-----+--------+

Top non-repeatable levels by time:
     D:1: 888 daAuts
     D:3: 766 daAuts
     D:2: 403 daAuts
